Map: Неоновая площадь РВ

Players

ИИ 1 (знаток)

  • Race: Zerg Zerg
  • Spawn Location: 5:00

Doll - Winner!

  • Race: Protoss Protoss
  • Spawn Location: 11:00

VOD

Have the link to the VOD?

Description

Time

  • Played on: Dec. 18, 2020, 11:56 a.m.
  • Length: 11:54
Show
View Real Time Build Order
Export as new Build Order

ИИ 1 (знаток) Zerg 

Build Orders: Hatch First 

Get SALT Encoding   

  12  0:00  Drone  
  13  0:13  Overlord  
  13  0:18  Drone  
  14  0:31  Drone x2  
  14  0:34  Drone  
  17  0:55  Hatchery  
  17  0:56  Drone  
  17  1:11  Spawning Pool  
  17  1:13  Drone  
  17  1:17  Drone  
  18  1:19  Extractor  
  18  1:22  Drone  
  18  1:29  Overlord  
  18  1:39  Drone  
  19  1:59  Queen  
  19  2:00  Zergling x4  
  23  2:02  Roach Warren  
  23  2:06  Drone  
  23  2:08  Extractor  
  22  2:11  Drone  
  23  2:23  Drone  
  24  2:38  Extractor  
  24  2:39  Drone  
  24  2:41  Roach  
  26  2:45  Overlord  
  26  2:54  Roach, Lair  
  28  3:07  Roach  
  30  3:16  Drone  
  30  3:19  Drone  
  32  3:20  Ravager  
  33  3:29  Extractor  
  33  3:31  Drone  
  33  3:35  Drone  
  33  3:38  Drone  
  35  3:43  Drone, Overlord  
  36  3:53  Hydralisk Den  
  36  3:54  Drone  
  36  3:57  Drone  
  36  4:00  Drone  
  38  4:03  Drone  
  38  4:07  Drone  
  40  4:11  Drone  
  40  4:16  Roach  
  43  4:20  Overlord  
  43  4:28  Hydralisk  
  45  4:41  Hydralisk  
  45  4:42  Ravager  
  48  4:46  Overlord  
  48  4:54  Hydralisk  
  48  4:56  Drone  
  48  4:58  Drone  
  52  5:02  Drone  
  52  5:04  Drone  
  54  5:08  Roach, Drone  
  54  5:13  Overlord  
  57  5:16  Drone  
  57  5:19  Drone  
  57  5:20  Hydralisk  
  61  5:22  Drone  
  61  5:24  Drone  
  61  5:27  Drone  
  64  5:34  Hydralisk  
  65  5:36  Evolution Chamber  
  65  5:37  Drone  
  65  5:45  Drone x3  
  65  5:48  Overlord  
  68  5:50  Drone  
  68  5:56  Drone  
  70  5:58  Drone  
  70  6:02  Zerg Ground Armor Level 1  
  71  6:06  Drone  
  71  6:09  Drone  
  73  6:13  Burrow  
  73  6:17  Drone  
  74  6:18  Roach  
  74  6:19  Overlord  
  74  6:21  Drone  
  74  6:23  Drone  
  78  6:28  Drone  
  78  6:32  Roach  
  81  6:38  Overlord  
  81  6:44  Ravager  
  81  6:45  Ravager, Roach  
  85  6:57  Hydralisk  
  85  6:59  Overlord  
  87  7:06  Baneling Nest, Overseer  
  87  7:07  Spore Crawler  
  85  7:09  Spore Crawler, Drone  
  85  7:10  Hydralisk  
  85  7:11  Drone  
  85  7:15  Spore Crawler, Drone  
  87  7:19  Spore Crawler  
  87  7:20  Overlord  
  87  7:22  Drone  
  88  7:23  Hydralisk  
  88  7:24  Overseer  
  88  7:26  Queen  
  92  7:33  Spine Crawler  
  92  7:35  Drone, Spine Crawler  
  92  7:36  Roach, Drone  
  94  7:40  Queen  
  96  7:46  Drone, Spine Crawler  
  96  7:49  Roach  
  96  7:50  Spine Crawler  
  96  7:51  Drone  
  98  7:55  Infestation Pit  
  98  7:56  Drone, Zerg Missile Weapons Level 1  
  98  8:01  Hydralisk  
  98  8:05  Drone, Spire  
  100  8:08  Evolution Chamber  
  100  8:10  Drone  
  100  8:14  Hydralisk  
  102  8:37  Zergling x2  
  80  8:49  Hydralisk  
  80  8:52  Drone  
  58  8:57  Overseer  
  58  8:59  Drone  
  58  9:02  Hydralisk  
  57  9:03  Queen  
  57  9:05  Drone  
  57  9:11  Drone  
  57  9:13  Drone, Queen  
  57  9:15  Roach, Drone  
  49  9:18  Drone  
  49  9:23  Mutalisk  
  47  9:25  Spine Crawler  
  47  9:30  Mutalisk  
  38  9:39  Roach  
  38  9:45  Drone  
  38  9:46  Drone, Hydralisk  
  36  9:54  Roach, Drone  
  33  10:02  Roach, Drone x4, Queen  
  33  10:03  Drone  
  33  10:06  Hatchery  
  33  10:10  Hydralisk  
  33  10:13  Mutalisk  
  35  10:14  Mutalisk x2, Drone  
  35  10:18  Hatchery  
  31  10:23  Zergling x2  
  31  10:24  Drone x2  
  31  10:25  Drone x2  
  23  10:36  Roach  
  23  10:37  Roach, Drone x5, Hydralisk  
  23  10:38  Drone x3  
  28  10:48  Zergling x2  
  22  10:50  Drone  
  15  10:57  Roach  
  15  10:58  Drone  
  10  11:08  Mutalisk  
  10  11:09  Drone  
  12  11:15  Drone  
  7  11:36  Drone  
Show
View Real Time Build Order
Export as new Build Order

Doll Protoss - Winner!

Build Orders: 1 Gate Expand, Zealot Archon 

Get SALT Encoding   

  12  0:00  Probe  
  13  0:13  Probe  
  14  0:21  Pylon  
  14  0:25  Probe  
  15  0:39  Probe (Chrono Boost)  
  15  0:42  Gateway  
  16  0:50  Assimilator  
  16  0:52  Probe (Chrono Boost)  
  17  1:00  Pylon  
  17  1:01  Probe (Chrono Boost)  
  18  1:07  Probe  
  19  1:19  Probe (Chrono Boost)  
  20  1:29  Probe (Chrono Boost)  
  21  1:36  Nexus  
  21  1:44  Zealot  
  23  1:47  Probe  
  24  1:55  Assimilator  
  24  1:59  Probe  
  25  2:07  Pylon  
  25  2:11  Zealot  
  25  2:12  Probe  
  28  2:24  Cybernetics Core, Probe  
  29  2:36  Probe  
  30  2:38  Zealot  
  32  2:49  Probe  
  32  2:50  Gateway  
  33  2:53  Probe  
  34  3:00  Warp Gate  
  34  3:06  Twilight Council  
  34  3:07  Probe  
  34  3:10  Probe  
  36  3:16  Stalker  
  36  3:19  Probe  
  39  3:23  Probe  
  40  3:30  Pylon  
  40  3:32  Probe  
  41  3:36  Probe  
  41  3:38  Stalker  
  44  3:44  Probe  
  45  3:49  Templar Archives  
  45  3:50  Probe  
  45  3:52  Stalker  
  48  3:57  Assimilator  
  48  4:01  Probe, Assimilator  
  49  4:04  Probe  
  49  4:08  Stalker  
  52  4:13  Probe  
  52  4:17  Pylon, Probe  
  54  4:23  Stalker  
  56  4:31  Probe x2  
  58  4:40  Gateway  
  58  4:44  Probe  
  59  4:48  Pylon  
  59  4:49  High Templar  
  61  4:54  Probe  
  61  4:58  Gateway, Probe  
  63  5:02  Dark Shrine  
  63  5:04  High Templar  
  63  5:06  Probe  
  66  5:13  Probe  
  67  5:15  Gateway  
  67  5:16  Robotics Facility  
  67  5:18  Archon  
  67  5:19  Probe  
  68  5:23  High Templar  
  68  5:27  Pylon, Probe  
  71  5:32  Probe  
  71  5:35  High Templar  
  74  5:37  High Templar  
  74  5:39  Archon  
  74  5:40  Probe  
  77  5:47  Probe  
  77  5:49  Nexus  
  78  5:54  High Templar, Probe  
  81  6:00  Archon  
  81  6:01  High Templar  
  81  6:03  Probe  
  84  6:08  Probe  
  85  6:19  Pylon  
  85  6:23  Pylon x2  
  85  6:27  Probe  
  85  6:29  Gateway  
  85  6:31  Stargate  
  86  6:33  Pylon  
  86  6:35  Forge  
  86  6:36  Forge  
  86  6:40  Gateway  
  86  6:43  Dark Templar x2  
  86  6:45  Zealot x2  
  86  6:46  Zealot  
  96  6:50  Probe x2  
  96  6:53  Observer  
  99  7:02  Probe  
  99  7:06  High Templar  
  99  7:07  Zealot  
  99  7:08  Zealot  
  106  7:09  Void Ray  
  106  7:10  Archon  
  106  7:13  Probe  
  106  7:14  Probe  
  112  7:20  Sentry  
  112  7:21  Zealot  
  116  7:23  Probe  
  116  7:25  Zealot  
  116  7:28  Probe x2  
  116  7:29  Protoss Ground Weapons Level 1  
  121  7:31  Zealot x2  
  125  7:38  Protoss Ground Armor Level 1  
  125  7:40  Probe  
  125  7:42  Zealot x3  
  132  7:52  Pylon  
  132  7:55  Pylon x2  
Tags
 
Add a new tag
Caveats
  • Supply blocks, unpowered buildings, or Contaminate may cause inaccurate times.
  • Supply counts are checked every 10 seconds.